Admirals vs Phantoms
Created - March 31, 2023 at 21:51
Goals
|
| Admirals |
1 |
1 |
1 |
0 |
2 |
4 |
| Phantoms |
1 |
1 |
1 |
0 |
0 |
3 |
|
Shots
|
| Admirals |
19 |
4 |
11 |
2 |
3 |
36 |
| Phantoms |
11 |
18 |
13 |
0 |
2 |
42 |
|
1st period
1. Admirals , Kasper Bjorkqvist 17 (Markus Granlund 38, Anton Gustafsson 38) at 2:22
2. Phantoms , Nick Shore 27 (David Kampf 9, Blake Heinrich 17) at 13:32
Penalties :
No Penalty
2nd period
3. Admirals , Anton Gustafsson 23 (Kasper Bjorkqvist 21, Markus Granlund 39) at 6:16
4. Phantoms , Morgan Klimchuk 20 (Sven Andrighetto 23, Joe Snively 33) at 8:29
Penalties :
Mattias Backman (Mil) for Hooking (Minor) at 0:45, Brenden Kichton (Leh) for Roughing (Minor) at 9:28
3rd period
5. Phantoms , Ivan Provorov 2 (Nick Shore 45, Alex DeBrincat 47) at 11:52 (PP)
6. Admirals , Joel Armia 29 (Markus Granlund 40) at 19:32 (PP)
Penalties :
Nolan Vesey (Mil) for Interference (Minor) at 2:58, Ian Mitchell (Mil) for Tripping (Minor) at 11:32, Ivan Provorov (Leh) for High sticking (Minor) at 15:40, Reid McNeill (Leh) for Hooking (Minor) at 19:19
Overtime #1
No Goal
Penalties :
No Penalty
Shootout
Admirals, Markus Granlund - Shot Misses the Net
Phantoms, Michael Bournival - Shot Misses the Net
Admirals, Anton Gustafsson - Goal!
Phantoms, Alex DeBrincat - Stopped by Felix Sanstrom
Admirals, Hunter Shinkaruk - Goal!
Penalties :
No Penalty
Goalie Stats
Felix Sanstrom (Mil), 39 saves from 42 shots - (0.929), W, 8-8-1, 63:48 minutes
Anton Forsberg (Leh), 33 saves from 36 shots - (0.917), OTL, 23-16-6, 65:00 minutes
Players Stats for Admirals
Player Name G A P +/- PIM S H SB GA TA FO MP PP MP PK MP
------------------------------------------------------------------------------------
Andreas Englund 0 0 0 0 0 3 3 1 0 1 0/0 28:04 2:33 2:41
Anton Gustafsson 1 1 2 2 0 7 4 0 0 1 20/30 21:18 1:45 0:48
Brett Connolly 0 0 0 0 0 0 0 0 0 0 0/1 1:58 0:05 0:00
Carl Dahlstrom 0 0 0 -1 0 1 0 0 0 0 0/0 7:02 0:00 1:37
Freddie Hamilton 0 0 0 0 0 1 0 1 1 0 2/3 6:38 0:00 0:00
Hunter Shinkaruk 0 0 0 0 0 4 3 0 1 0 0/0 17:41 1:45 0:35
Ian Mitchell 0 0 0 0 2 0 1 3 0 1 0/0 25:25 2:33 0:00
Joel Armia 1 0 1 0 0 3 1 2 1 1 0/0 19:23 2:26 0:00
Josh Norris 0 0 0 0 0 1 1 0 0 1 5/18 20:40 2:21 0:07
Kasper Bjorkqvist 1 1 2 2 0 3 1 1 0 0 2/3 19:15 1:45 0:00
Kristian Vesalainen 0 0 0 0 0 0 1 0 0 0 0/0 6:38 0:00 0:00
Lucas Wallmark 0 0 0 -2 0 0 2 1 0 0 8/14 14:27 0:00 2:55
Mark McNeill 0 0 0 -2 0 5 2 0 2 0 0/1 14:27 0:00 2:55
Markus Granlund 0 3 3 2 0 4 3 1 1 0 2/2 22:36 2:26 0:28
Mattias Backman 0 0 0 1 2 0 0 0 0 0 0/0 10:55 0:00 0:00
Nolan Vesey 0 0 0 -2 2 0 2 0 0 0 0/0 12:02 0:00 0:00
Olli Juolevi 0 0 0 0 0 3 0 2 0 0 0/0 19:09 1:38 0:00
Reilly Walsh 0 0 0 0 0 0 0 1 0 3 0/0 18:42 0:00 1:37
Riley Barber 0 0 0 0 0 1 2 0 0 0 0/0 8:27 0:00 0:48
T.J Brodie 0 0 0 0 0 0 2 2 1 0 0/0 20:52 1:38 2:41
Players Stats for Phantoms
Player Name G A P +/- PIM S H SB GA TA FO MP PP MP PK MP
------------------------------------------------------------------------------------
A.J. Greer 0 0 0 0 0 0 0 0 0 0 0/0 1:29 0:00 1:04
Alex DeBrincat 0 1 1 0 0 3 0 0 0 1 2/6 24:35 2:34 2:19
Anthony Angello 0 0 0 0 0 0 0 0 0 0 0/0 1:28 0:00 0:08
Blake Heinrich 0 1 1 0 0 1 3 2 1 1 0/0 21:32 2:29 1:25
Brendan Leipsic 0 0 0 0 0 4 0 0 0 0 0/1 9:22 0:00 0:56
Brenden Kichton 0 0 0 0 2 0 0 3 0 0 0/0 11:25 0:00 1:12
Brett Murray 0 0 0 0 0 0 0 0 0 0 0/0 0:00 0:00 0:00
Cal Foote 0 0 0 0 0 0 1 0 0 0 0/0 5:21 0:00 0:32
Cristoval Nieves 0 0 0 0 0 2 2 0 0 0 4/7 10:39 0:00 0:00
David Kampf 0 1 1 0 0 1 1 1 1 0 2/7 8:26 0:00 0:00
Devon Teows 0 0 0 0 0 2 1 2 1 0 0/0 21:32 2:29 1:25
Erik Nystrom 0 0 0 0 0 2 2 0 0 0 0/0 10:39 0:00 0:00
Ivan Provorov 1 0 1 0 2 4 0 1 0 3 0/0 27:16 1:49 1:31
JC Lipon 0 0 0 0 0 0 1 1 0 0 0/0 8:26 0:00 0:00
Joe Snively 0 1 1 0 0 6 1 2 0 0 0/8 16:33 1:38 0:00
Laurent Dauphin 0 0 0 0 0 0 0 0 0 0 0/1 1:51 0:06 0:00
Lucas Wallmarkk 0 0 0 0 0 0 0 0 0 0 0/0 0:00 0:00 0:00
Michael Bournival 0 0 0 0 0 2 1 0 2 1 4/7 24:57 2:40 2:19
Mikko Lehtonen 0 0 0 0 0 0 0 4 0 0 0/0 4:45 0:00 0:00
Morgan Klimchuk 1 0 1 0 0 1 1 0 0 0 0/0 16:33 1:38 0:00
Nick Shore 1 1 2 0 0 4 2 1 0 0 20/34 21:51 2:40 0:48
Nick Sorensen 0 0 0 0 0 1 0 0 2 0 1/1 10:39 0:00 0:00
Reid McNeill 0 0 0 0 2 4 3 0 1 0 0/0 27:59 1:49 2:17
Rinat Valiev 0 0 0 0 0 0 0 2 0 0 0/0 10:11 0:00 0:00
Sven Andrighetto 0 1 1 0 0 5 2 0 0 1 0/0 18:17 1:38 0:48
3 Stars
1 - Anton Gustafsson (Mil)
2 - Markus Granlund (Mil)
3 - Kasper Bjorkqvist (Mil)
Power Play
Admirals - 1 on 3 Attempt(s) - 33.33%
Phantoms - 1 on 3 Attempt(s) - 33.33%
Penalty Kill
Admirals - 2 on 3 Attempt(s) - 66.67%
- Score 0 goal in Penalty Kill
Phantoms - 2 on 3 Attempt(s) - 66.67%
- Score 0 goal in Penalty Kill
Team Stat
Admirals - Hits : 28 - Faceoff Wins : 39 - Blocked Shots : 15 - Penalty Minutes : 6
Phantoms - Hits : 21 - Faceoff Wins : 33 - Blocked Shots : 19 - Penalty Minutes : 6
Official
Referees : Dan O'Rourke and Garrett Rank
Linesman : Andrew Smith and Julien Fournier
Game Notes
No Game Note
Finance
Level 1 -- Attendance: 1933 (96.65%) -- Ticket Income $67,655
Level 2 -- Attendance: 576 (57.60%) -- Ticket Income $11,520
Total Attendance: 2509 (83.63%)
Total Ticket Income: $79,175
Other Income: $3,959
Total Income: $83,134
Admirals
5 vs 5 Forward
Center Left Wing Right Wing Time % Phy DF OF
1 Anton Gustafsson Markus Granlund Kasper Bjorkqvist 40 1 2 2
2 Josh Norris Hunter Shinkaruk Joel Armia 30 1 2 2
3 Lucas Wallmark Nolan Vesey Mark McNeill 20 1 2 2
4 Freddie Hamilton Kristian Vesalainen Riley Barber 10 1 2 2
5 vs 5 Defense
Defense Defense Time % Phy DF OF
1 Andreas Englund Ian Mitchell 40 1 2 2
2 Reilly Walsh Olli Juolevi 30 1 2 2
3 T.J Brodie Mattias Backman 20 1 2 2
4 Carl Dahlstrom T.J Brodie 10 1 2 2
PowerPlay Forward
Center Left Wing Right Wing Time % Phy DF OF
1 Josh Norris Markus Granlund Joel Armia 60 1 1 3
2 Anton Gustafsson Hunter Shinkaruk Kasper Bjorkqvist 40 1 1 3
PowerPlay Defense
Defense Defense Time % Phy DF OF
1 Andreas Englund Ian Mitchell 60 1 2 2
2 T.J Brodie Olli Juolevi 40 1 2 2
Penalty Kill 4 Players Forward
Center Wing Time % Phy DF OF
1 Lucas Wallmark Mark McNeill 60 1 2 2
2 Anton Gustafsson Riley Barber 40 1 2 2
Penalty Kill 4 Players Defense
Defense Defense Time % Phy DF OF
1 Andreas Englund T.J Brodie 60 1 3 1
2 Reilly Walsh Carl Dahlstrom 40 1 3 1
Penalty Kill - 3 Players Forward
Forward Time % Phy DF OF
1 Mark McNeill 60 1 2 2
2 Lucas Wallmark 40 1 2 2
Penalty Kill - 3 Players Defense
Defense Defense Time % Phy DF OF
1 Andreas Englund T.J Brodie 60 1 3 1
2 Reilly Walsh Carl Dahlstrom 40 1 3 1
4 vs 4 Forward
Center Wing Time % Phy DF OF
1 Josh Norris Markus Granlund 60 1 2 2
2 Anton Gustafsson Joel Armia 40 1 2 2
4 vs 4 Defense
Defense Defense Time % Phy DF OF
1 Andreas Englund Ian Mitchell 60 1 2 2
2 T.J Brodie Olli Juolevi 40 1 2 2
Last Minutes Offensive
Center Left Wing Right Wing Defense Defense
Josh Norris Markus Granlund Joel Armia Olli Juolevi Ian Mitchell
Last Minutes Defensive
Center Left Wing Right Wing Defense Defense
Anton Gustafsson Markus Granlund Mark McNeill Andreas Englund Reilly Walsh
Goaltenders
Starting : Felix Sanstrom
Backup : Tristan Jarry
Extra Forwards
Normal : Brett Connolly, Kasper Bjorkqvist, Riley Barber - PP : Brett Connolly, Freddie Hamilton - PK : Markus Granlund
Extra Defensemen
Normal : Mattias Backman, Reilly Walsh, Ian Mitchell - PP : Olli Juolevi - PK : Carl Dahlstrom, Mattias Backman
Penalty Shots
Markus Granlund, Anton Gustafsson, Hunter Shinkaruk, Joel Armia, Riley Barber
Scratches
Alexandre Mallet (Healthy), Christian Djoos (Healthy), Joni Ikonen (Healthy), Filip Chlapik (Healthy), Josh Wesley (Healthy)
Mark MacMillan (Healthy), Ryan Olsen (Healthy), Sergei Zborovskiy (Healthy), Stanislav Galiev (Healthy), Travis Dermott (Back Spasms Injury)
Troy Bourke (Healthy), Carsen Twarynski (Healthy), Libor Hajek (Healthy), Linus Ullmark (Healthy)
Phantoms
5 vs 5 Forward
Center Left Wing Right Wing Time % Phy DF OF
1 Nick Shore Michael Bournival Alex DeBrincat 40 1 2 2
2 Joe Snively Morgan Klimchuk Sven Andrighetto 30 1 2 2
3 Cristoval Nieves Erik Nystrom Nick Sorensen 20 1 2 2
4 David Kampf Brendan Leipsic JC Lipon 10 1 2 2
5 vs 5 Defense
Defense Defense Time % Phy DF OF
1 Ivan Provorov Reid McNeill 40 1 2 2
2 Blake Heinrich Devon Teows 30 1 2 2
3 Rinat Valiev Brenden Kichton 20 1 2 2
4 Cal Foote Mikko Lehtonen 10 1 2 2
PowerPlay Forward
Center Left Wing Right Wing Time % Phy DF OF
1 Nick Shore Michael Bournival Alex DeBrincat 60 1 2 2
2 Joe Snively Morgan Klimchuk Sven Andrighetto 40 1 2 2
PowerPlay Defense
Defense Defense Time % Phy DF OF
1 Ivan Provorov Reid McNeill 60 1 2 2
2 Blake Heinrich Devon Teows 40 1 2 2
Penalty Kill 4 Players Forward
Center Wing Time % Phy DF OF
1 Michael Bournival Alex DeBrincat 60 1 2 2
2 Sven Andrighetto Nick Shore 40 1 2 2
Penalty Kill 4 Players Defense
Defense Defense Time % Phy DF OF
1 Ivan Provorov Reid McNeill 60 1 2 2
2 Blake Heinrich Devon Teows 40 1 2 2
Penalty Kill - 3 Players Forward
Forward Time % Phy DF OF
1 Michael Bournival 60 1 2 2
2 Alex DeBrincat 40 1 2 2
Penalty Kill - 3 Players Defense
Defense Defense Time % Phy DF OF
1 Ivan Provorov Reid McNeill 60 1 2 2
2 Blake Heinrich Devon Teows 40 1 2 2
4 vs 4 Forward
Center Wing Time % Phy DF OF
1 Michael Bournival Alex DeBrincat 60 1 2 2
2 Sven Andrighetto Nick Shore 40 1 2 2
4 vs 4 Defense
Defense Defense Time % Phy DF OF
1 Ivan Provorov Reid McNeill 60 1 2 2
2 Blake Heinrich Devon Teows 40 1 2 2
Last Minutes Offensive
Center Left Wing Right Wing Defense Defense
Nick Shore Michael Bournival Alex DeBrincat Ivan Provorov Reid McNeill
Last Minutes Defensive
Center Left Wing Right Wing Defense Defense
Nick Shore Michael Bournival Alex DeBrincat Ivan Provorov Reid McNeill
Goaltenders
Starting : Anton Forsberg
Backup : Zachary Fucale
Extra Forwards
Normal : Laurent Dauphin, Anthony Angello, A.J. Greer - PP : Laurent Dauphin, Anthony Angello - PK : A.J. Greer
Extra Defensemen
Normal : Rinat Valiev, Brenden Kichton, Cal Foote - PP : Rinat Valiev - PK : Brenden Kichton, Cal Foote
Penalty Shots
Michael Bournival, Alex DeBrincat, Sven Andrighetto, Nick Shore, Joe Snively
Scratches
Cooper Marody (Healthy), Victor Berglund (Healthy), Fabian Zetterlund (Healthy), Matt Kiersted (Healthy), Riley Stillman (Healthy)
Jason Kasdorf (Healthy), Zachary Sawchenko (Healthy), Kevin Lankinen (Healthy)
% Time on Ice - Admirals
Lines # - Real PCT - Wanted PCT - Time Play
Normal Forward
1 - 33% - 40% - 16:46
2 - 31% - 30% - 16:03
3 - 23% - 20% - 11:32
4 - 13% - 10% - 6:38
Normal Defense
1 - 40% - 40% - 20:25
2 - 32% - 30% - 16:10
3 - 20% - 20% - 10:08
4 - 8% - 10% - 4:16
PP Forward
1 - 58% - 60% - 2:26
2 - 42% - 40% - 1:45
PP Defense
1 - 61% - 60% - 2:33
2 - 39% - 40% - 1:38
PK Forward
1 - 81% - 60% - 3:30
2 - 19% - 40% - 0:48
PK Defense
1 - 62% - 60% - 2:41
2 - 38% - 40% - 1:37
PK3 Forward
1 - 0% - 60%
2 - 0% - 40%
PK3 Defense
1 - 0% - 60%
2 - 0% - 40%
44 Forward
1 - 69% - 60% - 3:26
2 - 31% - 40% - 1:34
44 Defense
1 - 61% - 60% - 3:02
2 - 39% - 40% - 1:58
Last Minute Offensive - 0:32
Last Minute Defensive - 0:00
Total
Forward - 65:00
Defense - 65:00
|
% Time on Ice - Phantoms
Lines # - Real PCT - Wanted PCT - Time Play
Normal Forward
1 - 33% - 40% - 17:02
2 - 29% - 30% - 14:55
3 - 21% - 20% - 10:39
4 - 17% - 10% - 8:26
Normal Defense
1 - 40% - 40% - 20:33
2 - 30% - 30% - 15:33
3 - 20% - 20% - 10:11
4 - 9% - 10% - 4:45
PP Forward
1 - 62% - 60% - 2:40
2 - 38% - 40% - 1:38
PP Defense
1 - 42% - 60% - 1:49
2 - 58% - 40% - 2:29
PK Forward
1 - 81% - 60% - 3:23
2 - 19% - 40% - 0:48
PK Defense
1 - 66% - 60% - 2:46
2 - 34% - 40% - 1:25
PK3 Forward
1 - 0% - 60%
2 - 0% - 40%
PK3 Defense
1 - 0% - 60%
2 - 0% - 40%
44 Forward
1 - 81% - 60% - 4:04
2 - 19% - 40% - 0:56
44 Defense
1 - 60% - 60% - 3:00
2 - 40% - 40% - 2:00
Last Minute Offensive - 0:00
Last Minute Defensive - 0:29
Total
Forward - 65:00
Defense - 65:00
|
Play-by-Play
1st period
0:01 of 1st period - Michael Bournival wins face-off versus Anton Gustafsson in neutral zone.
0:25 of 1st period - Morgan Klimchuk is hit by Joel Armia and loses puck.
0:30 of 1st period - Snap shot by Joel Armia.
0:30 of 1st period - Shot Misses the Net.
0:50 of 1st period - Snap shot by Nick Sorensen.
0:50 of 1st period - Deflect By Cristoval Nieves.
0:50 of 1st period - Shot Blocked by Lucas Wallmark.
0:50 of 1st period - Puck is out of play.
0:51 of 1st period - Freddie Hamilton wins face-off versus David Kampf in Admirals zone.
1:24 of 1st period - Brenden Kichton is hit by Anton Gustafsson and loses puck.
1:48 of 1st period - Wrist shot by Anton Gustafsson.
1:48 of 1st period - Shot Blocked by Brenden Kichton.
2:10 of 1st period - Wrist shot by Kasper Bjorkqvist.
2:10 of 1st period - Shot Misses the Net.
2:12 of 1st period - Slapshot by Mattias Backman.
2:12 of 1st period - Shot Misses the Net.
2:14 of 1st period - Snap shot by Anton Gustafsson.
2:14 of 1st period - Stopped by Anton Forsberg with a rebound.
2:16 of 1st period - Snap shot by Markus Granlund.
2:16 of 1st period - Shot Blocked by Brenden Kichton.
2:22 of 1st period - Snap shot by Kasper Bjorkqvist.
2:22 of 1st period - Goal by Kasper Bjorkqvist - Admirals : 1 - Phantoms : 0.
2:23 of 1st period - Cristoval Nieves wins face-off versus Josh Norris in neutral zone.
3:03 of 1st period - Backhand shot by Alex DeBrincat.
3:03 of 1st period - Stopped by Felix Sanstrom without a rebound.
3:04 of 1st period - Lucas Wallmark wins face-off versus David Kampf in Admirals zone.
3:10 of 1st period - Off-side.
3:11 of 1st period - Lucas Wallmark wins face-off versus Brendan Leipsic in neutral zone.
3:16 of 1st period - Snap shot by Brendan Leipsic.
3:16 of 1st period - Shot Misses the Net.
3:18 of 1st period - Snap shot by Brendan Leipsic.
3:18 of 1st period - Stopped by Felix Sanstrom without a rebound.
3:19 of 1st period - Nick Shore wins face-off versus Josh Norris in Admirals zone.
3:26 of 1st period - Backhand shot by Nick Shore.
3:26 of 1st period - Stopped by Felix Sanstrom with a rebound.
3:32 of 1st period - Slapshot by Michael Bournival.
3:32 of 1st period - Shot Misses the Net.
3:44 of 1st period - Nick Sorensen is hit by Kristian Vesalainen and loses puck.
4:05 of 1st period - Snap shot by Mark McNeill.
4:05 of 1st period - Shot Blocked by Joe Snively.
4:07 of 1st period - Snap shot by Nolan Vesey.
4:07 of 1st period - Shot Misses the Net.
4:09 of 1st period - Slapshot by Ian Mitchell.
4:09 of 1st period - Shot Blocked by Mikko Lehtonen.
4:29 of 1st period - Snap shot by Anton Gustafsson.
4:29 of 1st period - Stopped by Anton Forsberg without a rebound.
4:30 of 1st period - Nick Shore wins face-off versus Anton Gustafsson in Phantoms zone.
4:36 of 1st period - Off-side.
4:37 of 1st period - Josh Norris wins face-off versus Nick Shore in neutral zone.
4:41 of 1st period - Icing by Nick Shore.
4:42 of 1st period - Nick Shore wins face-off versus Josh Norris in Phantoms zone.
4:50 of 1st period - Slapshot by Nick Shore.
4:50 of 1st period - Shot Misses the Net.
4:54 of 1st period - Slapshot by Michael Bournival.
4:54 of 1st period - Shot Misses the Net.
5:04 of 1st period - Wrist shot by Alex DeBrincat.
5:04 of 1st period - Deflect By Michael Bournival.
5:04 of 1st period - Shot Misses the Net.
5:04 of 1st period - Puck is out of play.
5:05 of 1st period - Cristoval Nieves wins face-off versus Anton Gustafsson in Admirals zone.
5:10 of 1st period - Wrist shot by Erik Nystrom.
5:10 of 1st period - Shot Hit the Post.
5:13 of 1st period - Icing by Olli Juolevi.
5:14 of 1st period - Markus Granlund wins face-off versus Cristoval Nieves in Admirals zone.
5:33 of 1st period - Snap shot by Markus Granlund.
5:33 of 1st period - Stopped by Anton Forsberg with a rebound.
5:35 of 1st period - Wrist shot by Markus Granlund.
5:35 of 1st period - Shot Misses the Net.
5:47 of 1st period - Wrist shot by Anton Gustafsson.
5:47 of 1st period - Stopped by Anton Forsberg with a rebound.
5:49 of 1st period - Wrist shot by Reilly Walsh.
5:49 of 1st period - Shot Blocked by Ivan Provorov.
6:13 of 1st period - Wrist shot by Kasper Bjorkqvist.
6:13 of 1st period - Deflect By Markus Granlund.
6:13 of 1st period - Stopped by Anton Forsberg without a rebound.
6:14 of 1st period - Nick Shore wins face-off versus Josh Norris in Phantoms zone.
6:21 of 1st period - Michael Bournival is hit by Hunter Shinkaruk.
6:39 of 1st period - Lucas Wallmark is hit by Morgan Klimchuk.
7:02 of 1st period - Snap shot by David Kampf.
7:02 of 1st period - Shot Misses the Net.
7:27 of 1st period - Wrist shot by Mark McNeill.
7:27 of 1st period - Stopped by Anton Forsberg with a rebound.
7:48 of 1st period - Morgan Klimchuk is hit by Andreas Englund and loses puck.
8:31 of 1st period - Anton Gustafsson is hit by Nick Shore.
8:48 of 1st period - Snap shot by Mark McNeill.
8:48 of 1st period - Deflect By Mikko Lehtonen.
8:48 of 1st period - Shot Misses the Net.
8:48 of 1st period - Puck is out of play.
8:49 of 1st period - Lucas Wallmark wins face-off versus Joe Snively in Phantoms zone.
10:16 of 1st period - Blake Heinrich is hit by Mark McNeill.
10:24 of 1st period - Blake Heinrich is hit by Nolan Vesey and loses puck.
10:48 of 1st period - Snap shot by Joe Snively.
10:48 of 1st period - Stopped by Felix Sanstrom with a rebound.
10:50 of 1st period - Snap shot by Joe Snively.
10:50 of 1st period - Shot Blocked by Ian Mitchell.
10:56 of 1st period - Wrist shot by Sven Andrighetto.
10:56 of 1st period - Stopped by Felix Sanstrom with a rebound.
11:04 of 1st period - Wrist shot by Sven Andrighetto.
11:04 of 1st period - Stopped by Felix Sanstrom with a rebound.
11:23 of 1st period - Snap shot by Joe Snively.
11:23 of 1st period - Shot Blocked by Andreas Englund.
11:40 of 1st period - Snap shot by Joel Armia.
11:40 of 1st period - Shot Misses the Net.
11:42 of 1st period - Slapshot by Ian Mitchell.
11:42 of 1st period - Deflect By Joel Armia.
11:42 of 1st period - Stopped by Anton Forsberg with a rebound.
11:44 of 1st period - Slapshot by Joel Armia.
11:44 of 1st period - Shot Hit the Post.
11:46 of 1st period - Slapshot by Andreas Englund.
11:46 of 1st period - Deflect By Mikko Lehtonen.
11:46 of 1st period - Stopped by Anton Forsberg with a rebound.
11:48 of 1st period - Wrist shot by Andreas Englund.
11:48 of 1st period - Shot Blocked by Mikko Lehtonen.
11:50 of 1st period - Snap shot by Andreas Englund.
11:50 of 1st period - Stopped by Anton Forsberg with a rebound.
11:52 of 1st period - Slapshot by Ian Mitchell.
11:52 of 1st period - Shot Misses the Net.
11:54 of 1st period - Slapshot by Andreas Englund.
11:54 of 1st period - Shot Blocked by Joe Snively.
11:56 of 1st period - Snap shot by Hunter Shinkaruk.
11:56 of 1st period - Shot Blocked by Mikko Lehtonen.
12:04 of 1st period - Wrist shot by Hunter Shinkaruk.
12:04 of 1st period - Shot Blocked by Mikko Lehtonen.
12:12 of 1st period - Snap shot by Hunter Shinkaruk.
12:12 of 1st period - Stopped by Anton Forsberg without a rebound.
12:13 of 1st period - Anton Gustafsson wins face-off versus Nick Shore in Phantoms zone.
12:24 of 1st period - Wrist shot by Nick Shore.
12:24 of 1st period - Stopped by Felix Sanstrom with a rebound.
12:26 of 1st period - Slapshot by Reid McNeill.
12:26 of 1st period - Deflect By Nick Shore.
12:26 of 1st period - Stopped by Felix Sanstrom with a rebound.
12:28 of 1st period - Snap shot by Michael Bournival.
12:28 of 1st period - Stopped by Felix Sanstrom with a rebound.
12:38 of 1st period - Mark McNeill is hit by Reid McNeill and loses puck.
13:01 of 1st period - Wrist shot by Brendan Leipsic.
13:01 of 1st period - Shot Misses the Net.
13:03 of 1st period - Slapshot by Brendan Leipsic.
13:03 of 1st period - Stopped by Felix Sanstrom without a rebound.
13:04 of 1st period - Anton Gustafsson wins face-off versus David Kampf in Admirals zone.
13:04 of 1st period - Anton Gustafsson is hit by David Kampf.
13:12 of 1st period - Snap shot by David Kampf.
13:12 of 1st period - Shot Misses the Net.
13:32 of 1st period - Snap shot by David Kampf.
13:32 of 1st period - Deflect By Nick Shore.
13:32 of 1st period - Goal by Nick Shore - Admirals : 1 - Phantoms : 1.
13:33 of 1st period - Anton Gustafsson wins face-off versus Nick Shore in neutral zone.
13:38 of 1st period - Alex DeBrincat is hit by Anton Gustafsson and loses puck.
13:43 of 1st period - Snap shot by Kasper Bjorkqvist.
13:43 of 1st period - Shot Misses the Net.
14:01 of 1st period - Slapshot by Lucas Wallmark.
14:01 of 1st period - Shot Hit the Post.
14:03 of 1st period - Slapshot by Mark McNeill.
14:03 of 1st period - Shot Misses the Net.
14:05 of 1st period - Snap shot by Reilly Walsh.
14:05 of 1st period - Shot Misses the Net.
14:31 of 1st period - Snap shot by Hunter Shinkaruk.
14:31 of 1st period - Stopped by Anton Forsberg without a rebound.
14:32 of 1st period - Anton Gustafsson wins face-off versus Alex DeBrincat in Phantoms zone.
14:33 of 1st period - Wrist shot by Kasper Bjorkqvist.
14:33 of 1st period - Shot Misses the Net.
14:57 of 1st period - Joel Armia is hit by Blake Heinrich and loses puck.
15:07 of 1st period - Icing by Devon Teows.
15:08 of 1st period - Anton Gustafsson wins face-off versus Joe Snively in Phantoms zone.
15:11 of 1st period - Slapshot by Anton Gustafsson.
15:11 of 1st period - Stopped by Anton Forsberg without a rebound.
15:12 of 1st period - Nick Shore wins face-off versus Anton Gustafsson in Phantoms zone.
16:26 of 1st period - Morgan Klimchuk is hit by Nolan Vesey and loses puck.
16:39 of 1st period - Wrist shot by Mark McNeill.
16:39 of 1st period - Shot Misses the Net.
16:41 of 1st period - Slapshot by Andreas Englund.
16:41 of 1st period - Stopped by Anton Forsberg with a rebound.
17:00 of 1st period - Wrist shot by Mark McNeill.
17:00 of 1st period - Stopped by Anton Forsberg with a rebound.
17:02 of 1st period - Snap shot by Lucas Wallmark.
17:02 of 1st period - Shot Misses the Net.
17:04 of 1st period - Snap shot by Lucas Wallmark.
17:04 of 1st period - Deflect By Nolan Vesey.
17:04 of 1st period - Deflect By Reid McNeill.
17:04 of 1st period - Shot Misses the Net.
17:04 of 1st period - Puck is out of play.
17:05 of 1st period - Cristoval Nieves wins face-off versus Anton Gustafsson in Phantoms zone.
17:18 of 1st period - Wrist shot by Anton Gustafsson.
17:18 of 1st period - Stopped by Anton Forsberg with a rebound.
17:20 of 1st period - Slapshot by Markus Granlund.
17:20 of 1st period - Stopped by Anton Forsberg without a rebound.
17:21 of 1st period - Josh Norris wins face-off versus Nick Shore in Phantoms zone.
17:24 of 1st period - Wrist shot by Hunter Shinkaruk.
17:24 of 1st period - Stopped by Anton Forsberg with a rebound.
17:30 of 1st period - Snap shot by Joel Armia.
17:30 of 1st period - Shot Misses the Net.
17:36 of 1st period - Wrist shot by Hunter Shinkaruk.
17:36 of 1st period - Shot Blocked by Nick Shore.
17:46 of 1st period - Erik Nystrom is hit by T.J Brodie and loses puck.
19:24 of 1st period - Freddie Hamilton is hit by Michael Bournival and loses puck.
19:45 of 1st period - Slapshot by Hunter Shinkaruk.
19:45 of 1st period - Shot Misses the Net.
19:47 of 1st period - Wrist shot by Josh Norris.
19:47 of 1st period - Stopped by Anton Forsberg with a rebound.
Goals for this period are 1 for Admirals vs 1 for Phantoms.
Shots for this period are 19 for Admirals vs 11 for Phantoms.
2nd period
0:01 of 2nd period - Anton Gustafsson wins face-off versus Nick Shore in neutral zone.
0:03 of 2nd period - Off-side.
0:04 of 2nd period - Kasper Bjorkqvist wins face-off versus Alex DeBrincat in neutral zone.
0:07 of 2nd period - Ivan Provorov is hit by Anton Gustafsson and loses puck.
0:19 of 2nd period - Snap shot by Michael Bournival.
0:19 of 2nd period - Shot Blocked by Kasper Bjorkqvist.
0:37 of 2nd period - Snap shot by Ivan Provorov.
0:37 of 2nd period - Stopped by Felix Sanstrom with a rebound.
0:39 of 2nd period - Slapshot by Ivan Provorov.
0:39 of 2nd period - Stopped by Felix Sanstrom with a rebound.
0:45 of 2nd period - Minor Penalty to Mattias Backman for Hooking.
0:46 of 2nd period - Nick Shore wins face-off versus Lucas Wallmark in Admirals zone.
2:45 of 2nd period - Penalty to Mattias Backman is over, Mattias Backman is back on ice.
2:53 of 2nd period - Slapshot by Anton Gustafsson.
2:53 of 2nd period - Shot Misses the Net.
2:55 of 2nd period - Wrist shot by Mattias Backman.
2:55 of 2nd period - Deflect By Devon Teows.
2:55 of 2nd period - Shot Misses the Net.
2:55 of 2nd period - Puck is out of play.
2:56 of 2nd period - Anton Gustafsson wins face-off versus Cristoval Nieves in Phantoms zone.
3:11 of 2nd period - Wrist shot by Nick Sorensen.
3:11 of 2nd period - Deflect By Cristoval Nieves.
3:11 of 2nd period - Stopped by Felix Sanstrom with a rebound.
3:28 of 2nd period - Andreas Englund is hit by Cal Foote.
4:10 of 2nd period - Nolan Vesey is hit by Erik Nystrom and loses puck.
4:54 of 2nd period - Off-side.
4:55 of 2nd period - David Kampf wins face-off versus Josh Norris in neutral zone.
5:00 of 2nd period - Backhand shot by Brendan Leipsic.
5:00 of 2nd period - Stopped by Felix Sanstrom with a rebound.
5:08 of 2nd period - Snap shot by David Kampf.
5:08 of 2nd period - Shot Misses the Net.
5:16 of 2nd period - Wrist shot by Hunter Shinkaruk.
5:16 of 2nd period - Shot Blocked by David Kampf.
5:52 of 2nd period - Backhand shot by Hunter Shinkaruk.
5:52 of 2nd period - Shot Misses the Net.
6:02 of 2nd period - Snap shot by David Kampf.
6:02 of 2nd period - Stopped by Felix Sanstrom with a rebound.
6:04 of 2nd period - Snap shot by Ivan Provorov.
6:04 of 2nd period - Stopped by Felix Sanstrom without a rebound.
6:05 of 2nd period - Nick Shore wins face-off versus Kasper Bjorkqvist in Admirals zone.
6:16 of 2nd period - Snap shot by Anton Gustafsson.
6:16 of 2nd period - Goal by Anton Gustafsson - Admirals : 2 - Phantoms : 1.
6:17 of 2nd period - Anton Gustafsson wins face-off versus Nick Shore in neutral zone.
6:17 of 2nd period - Anton Gustafsson is hit by Blake Heinrich.
6:23 of 2nd period - Wrist shot by Markus Granlund.
6:23 of 2nd period - Shot Misses the Net.
6:25 of 2nd period - Wrist shot by Anton Gustafsson.
6:25 of 2nd period - Shot Blocked by Blake Heinrich.
6:43 of 2nd period - Sven Andrighetto is hit by Andreas Englund and loses puck.
6:50 of 2nd period - Wrist shot by Joe Snively.
6:50 of 2nd period - Shot Misses the Net.
7:06 of 2nd period - Backhand shot by Morgan Klimchuk.
7:06 of 2nd period - Shot Misses the Net.
7:47 of 2nd period - Wrist shot by Alex DeBrincat.
7:47 of 2nd period - Shot Misses the Net.
7:49 of 2nd period - Snap shot by Reid McNeill.
7:49 of 2nd period - Stopped by Felix Sanstrom with a rebound.
7:51 of 2nd period - Wrist shot by Alex DeBrincat.
7:51 of 2nd period - Shot Misses the Net.
7:53 of 2nd period - Slapshot by Reid McNeill.
7:53 of 2nd period - Shot Misses the Net.
7:55 of 2nd period - Snap shot by Reid McNeill.
7:55 of 2nd period - Stopped by Felix Sanstrom without a rebound.
7:56 of 2nd period - Nick Shore wins face-off versus Anton Gustafsson in Admirals zone.
7:59 of 2nd period - Slapshot by Alex DeBrincat.
7:59 of 2nd period - Shot Misses the Net.
8:22 of 2nd period - Carl Dahlstrom is hit by Sven Andrighetto and loses puck.
8:29 of 2nd period - Slapshot by Morgan Klimchuk.
8:29 of 2nd period - Goal by Morgan Klimchuk - Admirals : 2 - Phantoms : 2.
8:30 of 2nd period - Anton Gustafsson wins face-off versus Nick Shore in neutral zone.
8:43 of 2nd period - Wrist shot by Alex DeBrincat.
8:43 of 2nd period - Stopped by Felix Sanstrom without a rebound.
8:44 of 2nd period - Nick Shore wins face-off versus Anton Gustafsson in Admirals zone.
9:28 of 2nd period - Minor Penalty to Brenden Kichton for Roughing.
9:29 of 2nd period - Michael Bournival wins face-off versus Josh Norris in Phantoms zone.
11:02 of 2nd period - T.J Brodie is hit by Reid McNeill and loses puck.
11:28 of 2nd period - Penalty to Brenden Kichton is over, Brenden Kichton is back on ice.
11:38 of 2nd period - Wrist shot by Erik Nystrom.
11:38 of 2nd period - Stopped by Felix Sanstrom without a rebound.
11:39 of 2nd period - Lucas Wallmark wins face-off versus Cristoval Nieves in Admirals zone.
11:39 of 2nd period - Lucas Wallmark is hit by Cristoval Nieves.
12:00 of 2nd period - Slapshot by Cristoval Nieves.
12:00 of 2nd period - Stopped by Felix Sanstrom without a rebound.
12:01 of 2nd period - Nick Shore wins face-off versus Freddie Hamilton in Admirals zone.
12:10 of 2nd period - Snap shot by Alex DeBrincat.
12:10 of 2nd period - Shot Misses the Net.
12:12 of 2nd period - Slapshot by Blake Heinrich.
12:12 of 2nd period - Shot Blocked by Freddie Hamilton.
12:14 of 2nd period - Slapshot by Devon Teows.
12:14 of 2nd period - Stopped by Felix Sanstrom without a rebound.
12:15 of 2nd period - Anton Gustafsson wins face-off versus Alex DeBrincat in Admirals zone.
12:49 of 2nd period - Icing by Nick Sorensen.
12:50 of 2nd period - Cristoval Nieves wins face-off versus Josh Norris in Phantoms zone.
13:15 of 2nd period - Alex DeBrincat is hit by Lucas Wallmark and loses puck.
13:26 of 2nd period - Snap shot by Mark McNeill.
13:26 of 2nd period - Stopped by Anton Forsberg with a rebound.
13:28 of 2nd period - Snap shot by Olli Juolevi.
13:28 of 2nd period - Shot Blocked by Devon Teows.
14:00 of 2nd period - Anton Gustafsson is hit by Erik Nystrom.
14:28 of 2nd period - Reid McNeill is hit by Ian Mitchell and loses puck.
14:31 of 2nd period - Slapshot by Reid McNeill.
14:31 of 2nd period - Stopped by Felix Sanstrom with a rebound.
14:38 of 2nd period - Icing by Ian Mitchell.
14:39 of 2nd period - Josh Norris wins face-off versus Nick Shore in Admirals zone.
14:56 of 2nd period - Michael Bournival is hit by Markus Granlund and loses puck.
15:27 of 2nd period - Snap shot by Riley Barber.
15:27 of 2nd period - Stopped by Anton Forsberg with a rebound.
15:36 of 2nd period - Off-side.
15:37 of 2nd period - Anton Gustafsson wins face-off versus Joe Snively in neutral zone.
15:52 of 2nd period - Backhand shot by Joe Snively.
15:52 of 2nd period - Stopped by Felix Sanstrom with a rebound.
16:04 of 2nd period - Ivan Provorov is hit by Josh Norris and loses puck.
16:34 of 2nd period - Slapshot by Olli Juolevi.
16:34 of 2nd period - Stopped by Anton Forsberg without a rebound.
16:35 of 2nd period - Anton Gustafsson wins face-off versus David Kampf in Phantoms zone.
17:20 of 2nd period - Lucas Wallmark is hit by Joe Snively and loses puck.
17:50 of 2nd period - Snap shot by Cristoval Nieves.
17:50 of 2nd period - Deflect By Nick Sorensen.
17:50 of 2nd period - Shot Blocked by T.J Brodie.
17:50 of 2nd period - Puck is out of play.
17:51 of 2nd period - Kasper Bjorkqvist wins face-off versus Alex DeBrincat in Admirals zone.
17:56 of 2nd period - Snap shot by Anton Gustafsson.
17:56 of 2nd period - Shot Misses the Net.
17:58 of 2nd period - Snap shot by Anton Gustafsson.
17:58 of 2nd period - Shot Misses the Net.
18:55 of 2nd period - Snap shot by Joe Snively.
18:55 of 2nd period - Deflect By Olli Juolevi.
18:55 of 2nd period - Stopped by Felix Sanstrom with a rebound.
18:57 of 2nd period - Snap shot by Sven Andrighetto.
18:57 of 2nd period - Stopped by Felix Sanstrom without a rebound.
18:58 of 2nd period - Nick Shore wins face-off versus Anton Gustafsson in Admirals zone.
19:08 of 2nd period - Off-side.
19:09 of 2nd period - Anton Gustafsson wins face-off versus Nick Shore in neutral zone.
19:24 of 2nd period - Reid McNeill is hit by Markus Granlund and loses puck.
19:35 of 2nd period - Lucas Wallmark is hit by Cristoval Nieves and loses puck.
19:56 of 2nd period - Slapshot by Joe Snively.
19:56 of 2nd period - Stopped by Felix Sanstrom with a rebound.
19:58 of 2nd period - Wrist shot by Morgan Klimchuk.
19:58 of 2nd period - Shot Blocked by T.J Brodie.
Goals for this period are 1 for Admirals vs 1 for Phantoms.
Shots for this period are 4 for Admirals vs 18 for Phantoms.
3rd period
0:01 of 3rd period - Anton Gustafsson wins face-off versus Nick Shore in neutral zone.
0:15 of 3rd period - Wrist shot by Anton Gustafsson.
0:15 of 3rd period - Stopped by Anton Forsberg with a rebound.
0:29 of 3rd period - Slapshot by Reid McNeill.
0:29 of 3rd period - Shot Blocked by Joel Armia.
0:31 of 3rd period - Slapshot by Morgan Klimchuk.
0:31 of 3rd period - Shot Blocked by Joel Armia.
0:35 of 3rd period - Backhand shot by Joe Snively.
0:35 of 3rd period - Shot Blocked by Olli Juolevi.
0:47 of 3rd period - Snap shot by Brendan Leipsic.
0:47 of 3rd period - Stopped by Felix Sanstrom without a rebound.
0:48 of 3rd period - Anton Gustafsson wins face-off versus David Kampf in Admirals zone.
0:53 of 3rd period - Devon Teows is hit by Markus Granlund and loses puck.
1:25 of 3rd period - Snap shot by Mark McNeill.
1:25 of 3rd period - Stopped by Anton Forsberg with a rebound.
1:45 of 3rd period - Wrist shot by Joe Snively.
1:45 of 3rd period - Stopped by Felix Sanstrom with a rebound.
1:47 of 3rd period - Slapshot by Devon Teows.
1:47 of 3rd period - Shot Blocked by Reilly Walsh.
1:49 of 3rd period - Wrist shot by Sven Andrighetto.
1:49 of 3rd period - Stopped by Felix Sanstrom with a rebound.
2:07 of 3rd period - Reid McNeill is hit by Hunter Shinkaruk and loses puck.
2:26 of 3rd period - Reid McNeill is hit by Kasper Bjorkqvist and loses puck.
2:58 of 3rd period - Minor Penalty to Nolan Vesey for Interference.
2:59 of 3rd period - Lucas Wallmark wins face-off versus Nick Shore in Admirals zone.
3:08 of 3rd period - Icing by Devon Teows.
3:09 of 3rd period - Nick Shore wins face-off versus Lucas Wallmark in Phantoms zone.
3:22 of 3rd period - Snap shot by Nick Shore.
3:22 of 3rd period - Shot Misses the Net.
3:40 of 3rd period - Icing by Alex DeBrincat.
3:41 of 3rd period - Nick Shore wins face-off versus Lucas Wallmark in Phantoms zone.
4:02 of 3rd period - Snap shot by Morgan Klimchuk.
4:02 of 3rd period - Shot Misses the Net.
4:04 of 3rd period - Snap shot by Blake Heinrich.
4:04 of 3rd period - Stopped by Felix Sanstrom without a rebound.
4:05 of 3rd period - Lucas Wallmark wins face-off versus Joe Snively in Admirals zone.
4:26 of 3rd period - Slapshot by Joe Snively.
4:26 of 3rd period - Stopped by Felix Sanstrom with a rebound.
4:28 of 3rd period - Snap shot by Reid McNeill.
4:28 of 3rd period - Stopped by Felix Sanstrom with a rebound.
4:30 of 3rd period - Snap shot by Sven Andrighetto.
4:30 of 3rd period - Stopped by Felix Sanstrom without a rebound.
4:31 of 3rd period - Nick Shore wins face-off versus Lucas Wallmark in Admirals zone.
4:58 of 3rd period - Penalty to Nolan Vesey is over, Nolan Vesey is back on ice.
5:02 of 3rd period - Snap shot by Devon Teows.
5:02 of 3rd period - Shot Misses the Net.
5:55 of 3rd period - Off-side.
5:56 of 3rd period - Nick Shore wins face-off versus Brett Connolly in neutral zone.
6:05 of 3rd period - Snap shot by Nick Shore.
6:05 of 3rd period - Deflect By Michael Bournival.
6:05 of 3rd period - Stopped by Felix Sanstrom without a rebound.
6:06 of 3rd period - Nick Shore wins face-off versus Anton Gustafsson in Admirals zone.
6:15 of 3rd period - Wrist shot by Michael Bournival.
6:15 of 3rd period - Shot Blocked by Ian Mitchell.
6:59 of 3rd period - Snap shot by Joel Armia.
6:59 of 3rd period - Stopped by Anton Forsberg without a rebound.
7:00 of 3rd period - David Kampf wins face-off versus Josh Norris in Phantoms zone.
7:00 of 3rd period - David Kampf is hit by Hunter Shinkaruk.
7:12 of 3rd period - Wrist shot by Joel Armia.
7:12 of 3rd period - Shot Blocked by Rinat Valiev.
7:14 of 3rd period - Snap shot by Hunter Shinkaruk.
7:14 of 3rd period - Shot Misses the Net.
7:16 of 3rd period - Wrist shot by T.J Brodie.
7:16 of 3rd period - Shot Blocked by Rinat Valiev.
7:52 of 3rd period - Alex DeBrincat is hit by Riley Barber and loses puck.
8:02 of 3rd period - Off-side.
8:03 of 3rd period - Lucas Wallmark wins face-off versus Joe Snively in neutral zone.
8:37 of 3rd period - Snap shot by Nick Sorensen.
8:37 of 3rd period - Stopped by Felix Sanstrom without a rebound.
8:38 of 3rd period - Anton Gustafsson wins face-off versus Nick Shore in Admirals zone.
8:43 of 3rd period - Devon Teows is hit by Anton Gustafsson.
8:49 of 3rd period - Snap shot by Alex DeBrincat.
8:49 of 3rd period - Shot Blocked by Markus Granlund.
9:36 of 3rd period - Wrist shot by Erik Nystrom.
9:36 of 3rd period - Stopped by Felix Sanstrom with a rebound.
9:53 of 3rd period - Wrist shot by Anton Gustafsson.
9:53 of 3rd period - Shot Blocked by JC Lipon.
10:23 of 3rd period - Michael Bournival is hit by T.J Brodie and loses puck.
10:43 of 3rd period - Wrist shot by Hunter Shinkaruk.
10:43 of 3rd period - Stopped by Anton Forsberg without a rebound.
10:44 of 3rd period - Anton Gustafsson wins face-off versus Joe Snively in Phantoms zone.
10:59 of 3rd period - Wrist shot by Kasper Bjorkqvist.
10:59 of 3rd period - Stopped by Anton Forsberg with a rebound.
11:05 of 3rd period - Markus Granlund is hit by Sven Andrighetto.
11:12 of 3rd period - Icing by Olli Juolevi.
11:13 of 3rd period - Anton Gustafsson wins face-off versus Nick Shore in Admirals zone.
11:18 of 3rd period - Wrist shot by Hunter Shinkaruk.
11:18 of 3rd period - Deflect By Josh Norris.
11:18 of 3rd period - Shot Misses the Net.
11:18 of 3rd period - Puck is out of play.
11:19 of 3rd period - Nick Shore wins face-off versus Josh Norris in Phantoms zone.
11:32 of 3rd period - Minor Penalty to Ian Mitchell for Tripping.
11:33 of 3rd period - Lucas Wallmark wins face-off versus Nick Shore in Admirals zone.
11:46 of 3rd period - Off-side.
11:47 of 3rd period - Alex DeBrincat wins face-off versus Lucas Wallmark in neutral zone.
11:52 of 3rd period - Snap shot by Ivan Provorov.
11:52 of 3rd period - Goal by Ivan Provorov - Admirals : 2 - Phantoms : 3.
11:53 of 3rd period - Nick Shore wins face-off versus Anton Gustafsson in neutral zone.
12:08 of 3rd period - Snap shot by Alex DeBrincat.
12:08 of 3rd period - Shot Blocked by Ian Mitchell.
12:53 of 3rd period - Lucas Wallmark is hit by Devon Teows and loses puck.
13:06 of 3rd period - Michael Bournival is hit by Riley Barber and loses puck.
13:25 of 3rd period - Markus Granlund is hit by JC Lipon and loses puck.
13:58 of 3rd period - Slapshot by Joe Snively.
13:58 of 3rd period - Deflect By Morgan Klimchuk.
13:58 of 3rd period - Shot Blocked by Olli Juolevi.
13:58 of 3rd period - Puck is out of play.
13:59 of 3rd period - Nick Shore wins face-off versus Mark McNeill in Admirals zone.
14:02 of 3rd period - Wrist shot by Alex DeBrincat.
14:02 of 3rd period - Stopped by Felix Sanstrom with a rebound.
14:14 of 3rd period - Wrist shot by Mark McNeill.
14:14 of 3rd period - Stopped by Anton Forsberg without a rebound.
14:15 of 3rd period - Anton Gustafsson wins face-off versus Joe Snively in Phantoms zone.
14:16 of 3rd period - Wrist shot by Markus Granlund.
14:16 of 3rd period - Stopped by Anton Forsberg with a rebound.
14:22 of 3rd period - Snap shot by Markus Granlund.
14:22 of 3rd period - Shot Misses the Net.
14:24 of 3rd period - Snap shot by Anton Gustafsson.
14:24 of 3rd period - Shot Blocked by Devon Teows.
14:26 of 3rd period - Slapshot by Carl Dahlstrom.
14:26 of 3rd period - Deflect By Devon Teows.
14:26 of 3rd period - Stopped by Anton Forsberg with a rebound.
14:28 of 3rd period - Slapshot by Carl Dahlstrom.
14:28 of 3rd period - Shot Blocked by Blake Heinrich.
15:04 of 3rd period - Blake Heinrich is hit by Lucas Wallmark and loses puck.
15:15 of 3rd period - Slapshot by Devon Teows.
15:15 of 3rd period - Stopped by Felix Sanstrom with a rebound.
15:25 of 3rd period - Slapshot by Olli Juolevi.
15:25 of 3rd period - Deflect By Freddie Hamilton.
15:25 of 3rd period - Stopped by Anton Forsberg without a rebound.
15:26 of 3rd period - Freddie Hamilton wins face-off versus Joe Snively in Phantoms zone.
15:40 of 3rd period - Minor Penalty to Ivan Provorov for High sticking.
15:41 of 3rd period - Michael Bournival wins face-off versus Josh Norris in Phantoms zone.
15:49 of 3rd period - Snap shot by Markus Granlund.
15:49 of 3rd period - Deflect By Josh Norris.
15:49 of 3rd period - Shot Blocked by Brenden Kichton.
15:49 of 3rd period - Puck is out of play.
15:50 of 3rd period - Markus Granlund wins face-off versus Michael Bournival in Phantoms zone.
16:23 of 3rd period - Snap shot by Kasper Bjorkqvist.
16:23 of 3rd period - Stopped by Anton Forsberg with a rebound.
16:25 of 3rd period - Snap shot by Hunter Shinkaruk.
16:25 of 3rd period - Shot Misses the Net.
17:40 of 3rd period - Penalty to Ivan Provorov is over, Ivan Provorov is back on ice.
17:57 of 3rd period - Cal Foote is hit by Mark McNeill and loses puck.
18:20 of 3rd period - Admirals, Felix Sanstrom is pulled from the net.
19:02 of 3rd period - Olli Juolevi is hit by Nick Shore.
19:16 of 3rd period - Slapshot by Olli Juolevi.
19:16 of 3rd period - Deflect By Josh Norris.
19:16 of 3rd period - Shot Misses the Net.
19:16 of 3rd period - Puck is out of play.
19:17 of 3rd period - Wayne Gretzky call a timeout for Admirals.
19:17 of 3rd period - Nick Shore wins face-off versus Josh Norris in Phantoms zone.
19:19 of 3rd period - Minor Penalty to Reid McNeill for Hooking.
19:20 of 3rd period - Alex DeBrincat wins face-off versus Josh Norris in Phantoms zone.
19:32 of 3rd period - Snap shot by Joel Armia.
19:32 of 3rd period - Goal by Joel Armia - Admirals : 3 - Phantoms : 3.
19:32 of 3rd period - Felix Sanstrom from Admirals was sent back in the game.
19:33 of 3rd period - Nick Sorensen wins face-off versus Lucas Wallmark in neutral zone.
Goals for this period are 1 for Admirals vs 1 for Phantoms.
Shots for this period are 11 for Admirals vs 13 for Phantoms.
Overtime #1
0:01 of 1st overtime period - Josh Norris wins face-off versus Michael Bournival in neutral zone.
0:45 of 1st overtime period - Wrist shot by Joel Armia.
0:45 of 1st overtime period - Shot Misses the Net.
0:47 of 1st overtime period - Wrist shot by Olli Juolevi.
0:47 of 1st overtime period - Stopped by Anton Forsberg without a rebound.
0:48 of 1st overtime period - Anton Gustafsson wins face-off versus Laurent Dauphin in Phantoms zone.
1:27 of 1st overtime period - Icing by Ivan Provorov.
1:28 of 1st overtime period - Josh Norris wins face-off versus Michael Bournival in Phantoms zone.
1:51 of 1st overtime period - Alex DeBrincat is hit by Andreas Englund and loses puck.
2:00 of 1st overtime period - Snap shot by Joel Armia.
2:00 of 1st overtime period - Shot Misses the Net.
2:02 of 1st overtime period - Slapshot by Olli Juolevi.
2:02 of 1st overtime period - Stopped by Anton Forsberg without a rebound.
2:03 of 1st overtime period - Michael Bournival wins face-off versus Josh Norris in Phantoms zone.
2:50 of 1st overtime period - Ian Mitchell is hit by Reid McNeill and loses puck.
3:56 of 1st overtime period - T.J Brodie is hit by Blake Heinrich and loses puck.
Goals for this period are 0 for Admirals vs 0 for Phantoms.
Shots for this period are 2 for Admirals vs 0 for Phantoms.
ShootOut
5:00 of 1st overtime period - Round #1.
5:00 of 1st overtime period - Admirals, Markus Granlund.
5:00 of 1st overtime period - Snap shot by Markus Granlund.
5:00 of 1st overtime period - Shot Misses the Net.
5:00 of 1st overtime period - Phantoms, Michael Bournival.
5:00 of 1st overtime period - Snap shot by Michael Bournival.
5:00 of 1st overtime period - Shot Misses the Net.
5:00 of 1st overtime period - Round #2.
5:00 of 1st overtime period - Admirals, Anton Gustafsson.
5:00 of 1st overtime period - Snap shot by Anton Gustafsson.
5:00 of 1st overtime period - Goal by Anton Gustafsson.
5:00 of 1st overtime period - Phantoms, Alex DeBrincat.
5:00 of 1st overtime period - Snap shot by Alex DeBrincat.
5:00 of 1st overtime period - Stopped by Felix Sanstrom.
5:00 of 1st overtime period - Round #3.
5:00 of 1st overtime period - Admirals, Hunter Shinkaruk.
5:00 of 1st overtime period - Backhand shot by Hunter Shinkaruk.
5:00 of 1st overtime period - Goal by Hunter Shinkaruk.